 Dungeon Crawl Stone Soup version 0.28-a0-769-g550dbda0cd (webtiles) character file.

Game seed: 2700381924680592136

9 willcat the Sneak (level 2, -2/24 HPs)
             Began as a Demonspawn Delver on Oct 31, 2021.
             Slain by a scorpion (3 damage)
             ... on level 5 of the Dungeon.
             The game lasted 00:00:36 (199 turns).

willcat the Sneak (Demonspawn Delver)                Turns: 199, Time: 00:00:36

Health: -2/24      AC:  3    Str: 12    XL:     2   Next: 3%
Magic:  2/2        EV:  9    Int: 11    God:
Gold:   9          SH:  9    Dex: 14    Spells: 1/1 levels left

rFire   . . .      SeeInvis .   i - +0 morningstar
rCold   . . .      Faith    .   h - +2 kite shield
rNeg    . . .      Spirit   .   b - +0 leather armour
rPois   .          Reflect  .   (no helmet)
rElec   .          Harm     .   (no cloak)
rCorr   .          Rampage  .   (no gloves)
Will    .....                   (no boots)
Stlth   +++.......              (no amulet)
HPRegen 0.08/turn               (no ring)
MPRegen 0.08/turn               (no ring)

@: no status effects
A: powered by pain 1
a: no special abilities


You were on level 5 of the Dungeon.
You visited 1 branch of the dungeon, and saw 1 of its levels.
You also visited: Ossuary.

You collected 9 gold pieces.

Inventory:

Hand Weapons
 a - a +0 short sword
 i - a +0 morningstar (weapon)
Armour
 b - a +0 leather armour (worn)
 h - a +2 kite shield (worn)
Wands
 g - a wand of digging (2)
Scrolls
 c - a scroll of fog
 d - a scroll of magic mapping
Potions
 f - a potion of haste


   Skills:
 - Level 3.0 Fighting
 - Level 2.0 Short Blades
 + Level 0.0 Maces & Flails
 + Level 2.0 Dodging
 + Level 4.6 Stealth
 + Level 0.0 Shields


You had one spell level left.
You didn't know any spells.
Your spell library was empty.

Dungeon Overview and Level Annotations

Branches:
Dungeon (5/15)            Ossuary (visited)
 Temple: D:4-7

Altars:


Innate Abilities, Weirdness & Mutations

You sometimes gain a little power by taking damage.


Message History

There is an open door here.
There is an open door here.
You closely miss the scorpion.
The scorpion stings you but does no damage.
The scorpion closely misses you.
Your shield and leather armour prevent you from hitting the scorpion.
You block the scorpion's attack. x2
The scorpion stings you but does no damage.
You closely miss the scorpion. The scorpion barely misses you.
Unknown command.
The scorpion barely misses you. The scorpion stings you.
You are poisoned.
The scorpion poisons you!
You feel sick.
You feel sick.
You feel sick.
There is an open door here.
You feel sick.
You feel sick. The scorpion stings you!
* * * LOW HITPOINT WARNING * * *
There is a gate leading back out of this place here.
You feel sick. The scorpion stings you.
* * * LOW HITPOINT WARNING * * *
The scorpion stings you but does no damage.
* * * LOW HITPOINT WARNING * * *
You feel sick.
You are no longer poisoned.
There is a collapsed entrance here.
As you read the scroll of fear, it crumbles to dust.
You assume a fearsome visage.
The scorpion looks frightened!
The scorpion resists with some effort.
You block the scorpion's attack. You block the scorpion's attack.
Cornered, the scorpion turns to fight!
There is an empty arch of ancient stone here.
You closely miss the scorpion. You block the scorpion's attack.
You puncture the scorpion!
The scorpion is heavily wounded.
You block the scorpion's attack. The scorpion stings you.
You die...

#...........#.#..#
##################
##.....##
#8.....8#
##.....##
########## ###.###
##......... #.#
##.#########
######s######.##
.......s@.......#
................#
.......(........#
##########.######
#.## ##


You could see 2 scorpions.

Vanquished Creatures
  An adder (D:5)
1 creature vanquished.

Notes
Turn   | Place    | Note
-------+----------+-------------------------------------------
     0 | D:5      | willcat the Demonspawn Delver began the quest for the Orb.
     0 | D:5      | Reached XP level 1. HP: 18/18 MP: 1/1
    79 | D:5      | Gained mutation: You sometimes gain a little power by
                  | taking damage. [demonic ancestry]
    79 | D:5      | Reached XP level 2. HP: 24/24 MP: 2/2
   142 | D:5      | Found a sand-covered staircase.
   149 | Ossuary  | Entered an ossuary
   168 | Ossuary  | Noticed a scorpion
   170 | Ossuary  | Noticed a scorpion
   191 | D:5      | HP: 1/24 [poisoned by a scorpion]
   199 | D:5      | Slain by a scorpion

Illustrated notes

Levels and vault maps discovered:
D:5:      layout_loops_ring, chequers_ossuary_entry_cave, uniq_duvessa,
          uniq_edmund, uniq_ijyb

Skill      XL: |  1 |
---------------+----+-----
Short Blades   | 2 |  2.0
Dodging        | 2 |  2.0
Fighting       | |  3.0
Stealth        | |  4.6

Action                   || total
-------------------------++-------
Melee: Short sword       ||     1
       Morningstar       ||     5
Evoke: Wand              ||     1
  Use: Scroll            ||     1
 Stab: Sleeping          ||     1
Armor: Leather armour    ||     3
Dodge: Dodged            ||     3
Block: Kite shield       ||     6

Table legend: (Time is in decaauts)
 A = Elapsed time spent in this place.
 B = Non-inter-level travel time spent in this place.
 C = Inter-level travel time spent in this place.
 D = Time resting spent in this place.
 E = Time spent auto-exploring this place.
 F = Levels seen in this place.
 G = Mean time per level.
                   A        B        C        D        E       F      G
               +--------+--------+--------+--------+--------+-----+--------+
         Total |    201 |    201 |      0 |      0 |     88 |   2 |  100.5 |
       Dungeon |    157 |    157 |      0 |      0 |     71 |   1 |  157.0 |
       Ossuary |     44 |     44 |      0 |      0 |     17 |   1 |   44.0 |
               +--------+--------+--------+--------+--------+-----+--------+

Top non-repeatable levels by time:
     D:5: 157 daAuts
 Ossuary: 44 daAuts
